 Dungeon Crawl Stone Soup version 0.24.0-13-gcf9b3192b9 (webtiles) character file.

Game seed: 11240660093119646169, levelgen mode: deterministic

12963 Gumption the Carver (level 12, -7/87 HPs)
             Began as a Barachi Fighter on Nov 6, 2019.
             Was an Elder of Hepliaklqana.
             Killed from afar by an ice statue (10 damage)
             ... with a bolt of cold
             ... in an ice cave.
             The game lasted 01:34:55 (13522 turns).

Gumption the Carver (Barachi Fighter)              Turns: 13522, Time: 01:34:55

Health: -7/87      AC: 15    Str: 21    XL:     12   Next: 1%
Magic:  12/12      EV:  6    Int:  9    God:    Hepliaklqana [****..]
Gold:   753        SH: 20    Dex: 13    Spells: 11/11 levels left

rFire    . . .     SeeInvis +   a - +0 double sword "Tormentor" {flame, *Contam MR+++ SInv Stlth+}
rCold    + . .     Gourm    .   i - +1 large shield
rNeg     . . .     Faith    .   P - +0 plate armour
rPois    +         Spirit   .   (no helmet)
rElec    .         Reflect  .   (no cloak)
rCorr    .         Harm     .   v - +0 pair of gloves
MR       +++..                  B - +0 pair of boots
Stlth    ..........             (no amulet)
HPRegen  0.24/turn              Q - ring of poison resistance
MPRegen  0.13/turn              F - ring of protection from cold

@: hasted, studying Long Blades, quick
A: +LOS, swims, reduced essence, slowness 1, strong legs 1
a: Hop, Recall Ancestor, Ancestor Identity, Transference, Idealise, Renounce
Religion


You were in an ice cave.
You worshipped Hepliaklqana.
Hepliaklqana was greatly pleased with you.
You were not hungry.

You visited 3 branches of the dungeon, and saw 12 of its levels.
You also visited: Ice Cave.

You collected 753 gold pieces.

Inventory:

Hand Weapons
 a - the +0 double sword "Tormentor" (weapon) {flame, *Contam MR+++ SInv Stlth+}
   (You acquired it on level 10 of the Dungeon)

   It has been specially enchanted to burn those struck by it, causing extra
   injury to most foes and up to half again as much damage against particularly
   susceptible opponents.
   Big, fiery blades are also staple armaments of hydra-hunters.
   It affects your resistance to hostile enchantments.
   It lets you see invisible.
   It causes magical contamination when unequipped.
   It makes you more stealthy.
Missiles
 k - 466 stones
 l - 6 boomerangs (quivered)
 u - 12 poisoned darts
 E - 3 throwing nets
Armour
 i - a +1 large shield (worn)
 v - a +0 pair of gloves (worn)
 B - a +0 pair of boots (worn)
 P - a +0 plate armour (worn)
Jewellery
 b - a cursed amulet of inaccuracy {unknown}
 j - an uncursed ring of protection from fire
 o - an uncursed ring of protection from fire
 y - an uncursed ring of protection from magic
 F - a ring of protection from cold (right hand)
 Q - a ring of poison resistance (left hand)
Wands
 c - a wand of polymorph (7)
 J - a wand of iceblast (8)
Scrolls
 f - a scroll of holy word {unknown}
 g - 2 scrolls of remove curse
 m - a scroll of amnesia
 n - 7 scrolls of teleportation
Potions
 d - 2 potions of might
 h - 9 potions of flight
 q - 2 potions of lignification
 s - a potion of brilliance
 A - a potion of agility
 D - 2 potions of haste
 I - a potion of ambrosia
 L - a potion of cancellation {unknown}
 M - a potion of berserk rage
Books
 N - a manual of Long Blades
Comestibles
 e - 14 rations


   Skills:
 + Level 10.2 Fighting
 + Level 14.9 Long Blades
 + Level 7.3 Armour
 + Level 4.5 Dodging
 * Level 12.6 Shields


You had 11 spell levels left.
You didn't know any spells.
Your spell library contained the following spells:

 Spells                   Type           Power        Failure   Level  Hunger
 Freeze                   Ice            #...         100%        1    ##.....
 Throw Frost              Conj/Ice       #.....       100%        2    ###....
 Ozocubu's Armour         Chrm/Ice       #.......     100%        3    ####...
 Summon Ice Beast         Ice/Summ       #.......     100%        4    #####..
 Throw Icicle             Conj/Ice       #.......     100%        4    #####..
 Malign Gateway           Summ/Tloc      #.........   100%        7    #######
 Monstrous Menagerie      Summ           #.........   100%        7    #######
 Summon Greater Demon     Summ           #.........   100%        7    #######
 Summon Horrible Things   Summ           #.........   100%        8    #######


Dungeon Overview and Level Annotations

Branches:
Dungeon (10/15)            Temple (1/1) D:7            Lair (1/6) D:9
  IceCv (1/1)
    Orc: D:9-12

Altars:
Ashenzari
Cheibriados
Dithmenos
Elyvilon
Fedhas
Gozag
Hepliaklqana
Kikubaaqudgha
Makhleb
Nemelex Xobeh
Okawaru
Qazlal
Ru
Sif Muna
Trog
Uskayaw
Vehumet
Wu Jian
Xom
Yredelemnul
Zin
The Shining One

Shops:
D:9 (

Annotations:
D:6 2 transporters, Arixos's ghost, novice DsMo
D:8 basilisk IceCv 1 transporter, exclusion: 2 ice statues


Innate Abilities, Weirdness & Mutations

Shadows flee at your approach. (+LOS)
You can swim through water.
You cover ground slowly.
You can hop short distances.
Your life essence is reduced to manifest your ancestor. (-10% HP)


Message History

* * * LOW HITPOINT WARNING * * *
The ice beast freezes you. You resist.
* * * LOW HITPOINT WARNING * * *
You slice the ice beast!!
You melt the ice beast!
You kill the ice beast!
The ice statue glitters chillingly in the dim dungeon light.
The ice statue gestures at you.
The freezing blast engulfs the ice beast.
The ice beast completely resists.
You block the ice beast's attack.
The ice statue gestures.
You hit the ice beast.
You melt the ice beast.
The ice beast is moderately wounded.
You block the ice beast's attack.
You slice the ice beast!!
You melt the ice beast!
You kill the ice beast!
You block the ice beast's attack.
You closely miss the ice beast. The ice statue gestures at you.
The bolt of cold misses the ice beast.
The bolt of cold hits you! You resist.
You die...

####
###...####
##.....@..##
#.....Y.Y..##
#.....○○°...##
#.8..8○○○....#
#!.}.°○○.....#
#©=.(.°..©.∩.#
#[.:.........#
#.8..8.......#
#.Y.........##


You could see 2 ice statues and 3 ice beasts.

Vanquished Creatures
  A hydra (Lair:1)
  Erica (D:8)
  2 two-headed ogres
  A deep elf mage (D:10)
  A manticore (D:10)
  2 ugly things (IceCv)
  An elephant (D:9)
  A cyclops (D:10)
  A gargoyle (D:10)
  A tengu conjurer (D:10)
  A troll (D:7)
  A hippogriff (D:9)
  Sigmund (D:3)
  A wraith (D:10)
  3 yaks
  Menkaure (D:5)
  8 ice beasts
  A hornet zombie (D:8)
  An orc warrior (D:7)
  An eye of draining (D:9)
  A sky beast (D:6)
  2 phantoms
  7 centaurs
  3 ogres
  3 crocodiles
  A wyvern skeleton (D:8)
  2 scorpions
  4 killer bees (D:7)
  5 wights
  An electric eel (Lair:1)
  2 crimson imps
  A jelly (D:8)
  A lava snake (D:8)
  2 centaur zombies
  9 orc priests
  A bullfrog zombie (D:10)
  3 bullfrog skeletons
  A gnoll shaman (D:3)
  A hound (D:4)
  A hexer (D:9)
  2 worker ants
  5 iguanas
  7 orc wizards
  A hound zombie (D:6)
  2 worker ant zombies
  5 gnolls
  8 adders
  A shadow imp (D:7)
  2 adder skeletons
  2 worms
  4 dart slugs
  10 leopard geckos
  18 orcs
  4 ball pythons
  11 bats
  6 giant cockroaches
  3 goblins
  13 hobgoblins
  19 jackals
  8 kobolds
  4 quokkas
  4 frilled lizards
  A quokka zombie (D:8)
  10 rats
  A spectral orc (D:5)
233 creatures vanquished.

Vanquished Creatures (collateral kills)
  A hydra (Lair:1)
  A wyvern (D:5)
  A yak (D:9)
  2 orc warriors
  3 ogres
  A phantom (D:10)
  A centaur (D:10)
  A bullfrog (D:6)
  2 killer bees (D:7)
  An electric eel (D:7)
  2 crimson imps
  A centaur zombie (D:5)
  A jelly (D:8)
  3 orc wizards
  An orc priest (D:10)
  A hound (D:5)
  A centaur skeleton (D:6)
  3 worker ants
  A killer bee zombie (D:6)
  A hound zombie (D:5)
  A worker ant zombie (D:7)
  A howler monkey skeleton (D:7)
  2 adders (D:10)
  A shadow imp (D:5)
  An adder skeleton (D:7)
  A worm (D:5)
  8 orcs
  A giant cockroach (D:7)
  3 jackals (D:6)
  A quokka (D:8)
49 creatures vanquished.

Vanquished Creatures (others)
  An orc wizard (D:4)
  An iguana (D:8)
  9 hexers
  An ancestor (D:5)
  A plant (Lair:1)
13 creatures vanquished.

Grand Total: 295 creatures vanquished

Notes
Turn   | Place    | Note
-------+----------+-------------------------------------------
     0 | D:1      | Gumption the Barachi Fighter began the quest for the Orb.
     0 | D:1      | Reached XP level 1. HP: 18/18 MP: 1/1
   136 | D:1      | Reached XP level 2. HP: 10/25 MP: 2/2
   637 | D:1      | Reached skill level 3 in Long Blades
   791 | D:1      | Reached XP level 3. HP: 29/30 MP: 3/3
  1361 | D:2      | Found a glowing golden altar of the Shining One.
  1375 | D:2      | Found a sacrificial altar of Ru.
  1412 | D:2      | Reached XP level 4. HP: 37/37 MP: 4/4
  1473 | D:2      | Found a faded altar of an unknown god.
  1559 | D:2      | Found a shadowy altar of Dithmenos.
  1620 | D:2      | Found a radiant altar of Vehumet.
  1911 | D:2      | Found a shattered altar of Ashenzari.
  2397 | D:3      | Noticed Sigmund
  2734 | D:3      | Killed Sigmund
  2734 | D:3      | Reached skill level 4 in Long Blades
  2734 | D:3      | Reached skill level 5 in Shields
  2734 | D:3      | Reached XP level 5. HP: 28/43 MP: 5/5
  2734 | D:3      | Reached XP level 6. HP: 32/49 MP: 6/6
  3385 | D:4      | Found a hazy altar of Hepliaklqana.
  3522 | D:4      | Reached skill level 5 in Long Blades
  3707 | D:4      | Noticed a phantom
  3755 | D:4      | Killed a phantom
  3755 | D:4      | Reached skill level 5 in Armour
  3873 | D:4      | Reached XP level 7. HP: 44/55 MP: 7/7
  3978 | D:4      | Reached skill level 5 in Fighting
  3988 | D:4      | HP: 1/56 [gnoll/+0 spear (6)]
  4716 | D:4      | Reached skill level 6 in Long Blades
  4832 | D:4      | Found a sparkling altar of Nemelex Xobeh.
  5232 | D:5      | Entered Level 5 of the Dungeon
  5343 | D:4      | Became a worshipper of Hepliaklqana the Forgotten
  5434 | D:5      | Noticed a wyvern
  5441 | D:5      | Killed a wyvern
  5441 | D:5      | Reached XP level 8. HP: 53/57 MP: 8/8
  5491 | D:5      | Reached skill level 7 in Long Blades
  5554 | D:5      | Found a basalt altar of Yredelemnul.
  5734 | D:5      | Noticed Menkaure
  5744 | D:5      | Killed Menkaure
  5766 | D:5      | Reached * piety under Hepliaklqana
  6190 | D:5      | Reached skill level 8 in Long Blades
  6556 | D:6      | Reached XP level 9. HP: 54/63 MP: 9/9
  6682 | D:6      | Found a shimmering altar of Xom.
  6755 | D:6      | Reached skill level 9 in Long Blades
  7088 | D:6      | Noticed Arixos's ghost (novice DsMo)
  7103 | D:6      | Found a transporter.
  7115 | D:6      | Found a transporter.
  7211 | D:6      | Found a burning altar of Makhleb.
  7396 | D:7      | Noticed a troll
  7458 | D:7      | Reached ** piety under Hepliaklqana
  7460 | D:7      | Remembered your ancestor Shatu-murrim as a hexer
  7515 | D:7      | Killed a troll
  7705 | D:7      | Found a staircase to the Ecumenical Temple.
  8188 | D:7      | Reached skill level 10 in Long Blades
  8243 | Temple   | Entered the Ecumenical Temple
  8530 | D:7      | Found a shimmering blue altar of Sif Muna.
  9105 | D:8      | Reached XP level 10. HP: 71/72 MP: 10/10
  9331 | D:8      | Reached skill level 10 in Shields
  9333 | D:8      | Reached skill level 11 in Long Blades
  9408 | D:8      | Noticed Erica
  9441 | D:8      | Killed Erica
  9994 | D:8      | Noticed a two-headed ogre
 10003 | D:8      | Killed a two-headed ogre
 10003 | D:8      | Reached skill level 12 in Long Blades
 10437 | D:9      | Found an opulent altar of Gozag.
 10625 | D:9      | Reached skill level 13 in Long Blades
 10644 | D:9      | Reached *** piety under Hepliaklqana
 10762 | D:9      | Found a staircase to the Lair.
 10762 | D:9      | Noticed an elephant
 10797 | D:9      | Reached skill level 1 in Dodging
 10798 | D:9      | Killed an elephant
 11019 | D:9      | Found a shimmering altar of Xom.
 11020 | D:9      | Found a shimmering altar of Xom.
 11021 | D:9      | Found a shimmering altar of Xom.
 11213 | D:9      | Found a hide-covered altar of Uskayaw.
 11276 | D:9      | Found Kibriate's Weapon Shop.
 11416 | D:10     | Entered Level 10 of the Dungeon
 11540 | D:9      | Reached XP level 11. HP: 69/80 MP: 11/11
 11586 | D:10     | Noticed a two-headed ogre
 11600 | D:10     | Killed a two-headed ogre
 11600 | D:10     | Reached skill level 14 in Long Blades
 11709 | D:10     | Identified a scroll of acquirement
 11710 | D:10     | Got an ivory double sword
 11711 | D:10     | Identified the +0 double sword "Tormentor" {flame, *Contam
                  | MR+++ SInv Stlth+} (You acquired it on level 10 of the
                  | Dungeon)
 12366 | D:10     | Noticed a manticore
 12366 | D:10     | Noticed a deep elf mage
 12371 | D:10     | Noticed a cyclops
 12376 | D:10     | Killed a manticore
 12385 | D:10     | Noticed a sixfirhy
 12413 | D:10     | Killed a cyclops
 12726 | D:10     | Killed a deep elf mage
 12805 | D:10     | Reached **** piety under Hepliaklqana
 12901 | Lair:1   | Entered Level 1 of the Lair of Beasts
 12909 | Lair:1   | Noticed a four-headed hydra
 12927 | Lair:1   | Killed a one-headed hydra
 13037 | Lair:1   | Noticed a four-headed hydra
 13047 | Lair:1   | Killed a one-headed hydra
 13047 | Lair:1   | Reached skill level 10 in Fighting
 13277 | Lair:1   | Found a frozen archway.
 13286 | IceCv    | Entered an ice cave
 13286 | IceCv    | Found a transporter.
 13286 | IceCv    | Noticed a white ugly thing
 13301 | IceCv    | Killed a white ugly thing
 13495 | IceCv    | Noticed a white ugly thing
 13495 | IceCv    | Found a transporter.
 13508 | IceCv    | Killed a white ugly thing
 13508 | IceCv    | Reached XP level 12. HP: 35/87 MP: 12/12
 13516 | IceCv    | HP: 2/87 [ice beast[an ice statue] (4)]
 13522 | IceCv    | Killed from afar by an ice statue

Levels and vault maps discovered:
D:1:      lightli_arrival_isolated_outpost, layout_loops_corners
D:2:      layout_basic, nicolae_overflow_crystal_walls, lemuel_crystal_altar,
          nicolae_overflow_hidden_temple, grunt_dithmenos_smoke_and_mirrors,
          marbit_many_paths, first_ration,
          chequers_ecumenical_altar_simple_redux
D:3:      layout_basic, lemuel_old_faithful, uniq_sigmund
D:4:      layout_basic, lemuel_doored_altar, nemelex_xobeh_ov_fountains_minmay
D:5:      layout_cave_pods, yredelemnul_forgotten_temple_becter,
          minmay_stone_trees_small, minmay_misc_feat_rows, uniq_menkaure
D:6:      layout_basic, lightli_temple_of_fire, xom_butterflies,
          gammafunk_ghost_mausoleum
D:7:      layout_basic, old_standard_altar, minmay_temple_entry_stoned_glass,
          grunt_ogre_cave, kennysheep_cross_room, minmay_manual_monolith
D:8:      layout_gridville, kennysheep_island_fort, uniq_erica
D:9:      layout_long_grid, grunt_gozag_statues, lemuel_crystal_altar,
          david_lair_generic, serial_shops, nicolae_shop_trees, xom_redecorated
D:10:     minmay_chambers_of_sevens, layout_irregular_city
Temple:   compressed_dpeg_triangle_lava_temple
Lair:1:   layout_gridlike, portal_ice_cave_entry_pillars_1,
          chequers_serial_rivers_micro_b, serial_bayou_shore_a
IceCv:    ice_cave_statue_garden_transporter

Skill      XL: |  1  2  3  4  5  6  7  8  9 10 11 |
---------------+----------------------------------+-----
Long Blades    | 3 4 5 6 8 10 13 14 | 14.9
Shields        | 4 5 6 8 9 11 12 | 12.6
Armour         | 4 5 7 |  7.3
Fighting       | 4 5 6 8 9 10 | 10.2
Dodging        | 1 4 |  4.5

Action                   |  1- 3 |  4- 6 |  7- 9 | 10-12 || total
-------------------------+-------+-------+-------+-------++-------
Melee: Long sword        |   100 |   173 |   384 |    41 ||   698
       Scimitar          |       |       |       |   141 ||   141
       Double sword      |       |       |       |   173 ||   173
 Fire: Hunting sling     |       |     1 |       |       ||     1
Throw: Boomerang         |    36 |    87 |    63 |    32 ||   218
       Stone             |     4 |       |       |       ||     4
Invok: Ancestor Life: He |       |       |     1 |       ||     1
       Recall Ancestor   |       |       |       |     1 ||     1
 Abil: Hop               |       |       |     3 |     1 ||     4
  Use: Scroll            |     2 |     2 |     4 |    14 ||    22
       Potion            |       |       |     7 |     3 ||    10
 Stab: Distracted        |       |       |     3 |     4 ||     7
       Confused          |       |       |     2 |     5 ||     7
  Eat: Chunk             |     2 |     5 |    16 |    10 ||    33
       Ration            |       |     1 |     1 |     2 ||     4
Armor: Scale mail        |    68 |    68 |    30 |       ||   166
       Chain mail        |       |       |   145 |       ||   145
       Skin              |       |       |     8 |       ||     8
       Plate armour      |       |       |       |   133 ||   133
Dodge: Dodged            |    32 |    55 |    55 |    34 ||   176
Block: Shield            |    61 |    64 |       |       ||   125
       Large shield      |       |    41 |   355 |   310 ||   706
       Rpst.: Long sword |     9 |    11 |    19 |       ||    39
       Scimitar          |       |       |       |     5 ||     5
       Double sword      |       |       |       |     8 ||     8
